 Dungeon Crawl Stone Soup version 0.28-a0-1447-ga5a8893891 (webtiles) character file.

Game seed: 7259190582089332573

176 testman the Magician (level 5, -1/37 HPs)
             Began as a Gnoll Wanderer on Jan 10, 2022.
             Was an Initiate of Hepliaklqana.
             Slain by an ufetubus (3 damage)
             ... on level 3 of the Dungeon.
             The game lasted 00:11:14 (3128 turns).

testman the Magician (Gnoll Wanderer)               Turns: 3128, Time: 00:11:15

Health: -1/37      AC:  2    Str: 15    XL:     5   Next: 56%
Magic:  14/14      EV: 11    Int:  9    God:    Hepliaklqana [......]
Gold:   41         SH:  4    Dex: 12    Spells: 17/18 levels left

rFire   . . .      SeeInvis .   l - +0 hand axe (drain)
rCold   + . .      Faith    .   (no shield)
rNeg    . . .      Spirit   .   d - +0 leather armour
rPois   .          Reflect  .   (no helmet)
rElec   .          Harm     .   e - scarf {repulsion}
rCorr   +          Rampage  .   m - +0 pair of gloves
Will    .....                   (no boots)
Stlth   ++........              (no amulet)
HPRegen 0.12/turn               k - ring of resist corrosion
MPRegen 0.14/turn               (no ring)

@: repel missiles
A: fangs 1, strong nose, distributed training, large bone plates 1, cold
resistance 1, deformed body, evolution 1
a: Renounce Religion


You were on level 3 of the Dungeon.
You worshipped Hepliaklqana.
Hepliaklqana was noncommittal.
You visited 1 branch of the dungeon, and saw 3 of its levels.

You collected 41 gold pieces.

Inventory:

Hand Weapons
 a - a +0 hunting sling
 l - a +0 hand axe of draining (weapon)
Missiles
 b - 20 sling bullets
 f - 40 bolts
 h - 51 stones (quivered)
 j - 14 arrows
Armour
 d - a +0 leather armour (worn)
 e - a scarf of repulsion (worn)
 m - a +0 pair of gloves (worn)
Jewellery
 k - a ring of resist corrosion (left hand)
Scrolls
 g - a scroll of vulnerability {unknown}
Potions
 i - a potion of ambrosia {unknown}
 n - a potion of degeneration {unknown}
 o - a potion of curing
Miscellaneous
 c - a piece from Xom's chessboard (14/15)


   Skills:
 + Level 1.5 Fighting
 + Level 1.5 Short Blades
 + Level 1.5 Long Blades
 + Level 1.5 Axes
 + Level 1.5 Maces & Flails
 + Level 1.5 Polearms
 + Level 1.5 Staves
 + Level 4.8 Slings
 + Level 1.5 Bows
 + Level 1.5 Crossbows
 + Level 1.5 Throwing
 + Level 1.5 Armour
 + Level 1.5 Dodging
 + Level 2.8 Stealth
 + Level 1.5 Shields
 + Level 1.5 Unarmed Combat
 + Level 7.3 Spellcasting
 + Level 1.2 Conjurations
 + Level 1.2 Hexes
 + Level 1.2 Summonings
 + Level 1.2 Necromancy
 + Level 1.2 Translocations
 + Level 1.2 Transmutations
 + Level 1.2 Fire Magic
 + Level 1.2 Ice Magic
 + Level 1.2 Air Magic
 + Level 1.2 Earth Magic
 + Level 1.2 Poison Magic
 + Level 4.9 Invocations
 + Level 3.0 Evocations


You had 17 spell levels left.
You knew the following spells:

 Your Spells              Type           Power      Damage    Failure   Level
a - Magic Dart            Conj           20%        1d4       14%         1

Your spell library contained the following spells:

 Spells                   Type           Power      Damage    Failure   Level
 Call Imp                 Summ           5%         N/A       22%         2
 Scorch                   Fire           10%        2d5       22%         2
 Confusing Touch          Hex            5%         N/A       41%         3
 Gell's Gravitas          Tloc           5%         N/A       41%         3
 Mephitic Cloud           Conj/Pois/Air  5%         N/A       41%         3
 Portal Projectile        Hex/Tloc       10%        N/A       41%         3
 Teleport Other           Tloc           5%         N/A       41%         3
 Dispersal                Tloc           2%         N/A       100%        6


Dungeon Overview and Level Annotations

Branches:
Dungeon (3/15)

Altars:
Hepliaklqana

Shops:
D:1 ?


Innate Abilities, Weirdness & Mutations

You have very sharp teeth.
Your uncanny sense of smell can sniff out nearby items.
Your experience applies equally to all skills.
You are partially covered in large bone plates. (SH +4)
Your flesh is cold resistant. (rC+)
Armour fits poorly on your strangely shaped body.
You have hidden genetic potential.


Message History

The ufetubus hits you but does no damage.
The ufetubus hits you. The ufetubus misses you.
You barely miss the ufetubus. You block the ufetubus's attack.
The ufetubus hits you. You block the ufetubus's attack.
The ufetubus hits you but does no damage.
You closely miss the ufetubus.
The orc shouts!
The ufetubus hits you but does no damage.
The ufetubus closely misses you. The ufetubus hits you. x2
You closely miss the ufetubus.
The ufetubus hits you but does no damage.
The ufetubus hits you.
You closely miss the ufetubus. The ufetubus barely misses you.
The ufetubus hits you. x3
You are too injured to fight recklessly!
You are too injured to fight recklessly!
You are too injured to fight recklessly!
You are too injured to fight recklessly!
Press: ? - help, v - describe, . - travel
Here: an ufetubus The floor.
You miss the ufetubus. Your bite misses the ufetubus. The ufetubus hits you.
The ufetubus closely misses you. You block the ufetubus's attack.
The ufetubus closely misses you.
Press: ? - help, v - describe, . - travel, g - get item Item here: a book of Changes.
The floor.
Okay, then.
You make a move on Xom's chessboard...
The ufetubus struggles to resist.
The ufetubus closely misses you. The ufetubus hits you.
* * * LOW HITPOINT WARNING * * *
The ufetubus hits you.
* * * LOW HITPOINT WARNING * * *
The ufetubus hits you.
* * * LOW HITPOINT WARNING * * *
The ufetubus hits you.
* * * LOW HITPOINT WARNING * * *
You block the ufetubus's attack. You block the ufetubus's attack.
The ufetubus hits you.
You die...

#.# ... #.# #.#
#.# #.#
#..#####.#####.#
#..............#
#.######.#####.#
#o# #†#
###.#####.#
#...5@.##.##
#.#.##.#...##
#.#.##......## #
#.##.......##
#.#.........#
....<........#
.#.....>.....#
............##
###..##.....##


You could see an ufetubus.

Vanquished Creatures
  A scorpion (D:3)
  Jessica (D:2)
  3 adders (D:2)
  A worm (D:2)
  3 dart slugs
  6 ball pythons
  6 endoplasms
  3 goblins
  2 hobgoblins (D:2)
  5 quokkas
  7 bats
  22 rats
60 creatures vanquished.

Notes
Turn   | Place    | Note
-------+----------+-------------------------------------------
     0 | D:1      | testman the Gnoll Wanderer began the quest for the Orb.
     0 | D:1      | testman set off with the following items: a +0 hunting
                  | sling, 22 sling bullets, a piece from Xom's chessboard
                  | (15/15), a +0 leather armour; and the following spell
                  | memorised: Magic Dart; and the following spells available
                  | to memorise: Scorch, Confusing Touch, Portal Projectile
     0 | D:1      | Reached XP level 1. HP: 13/13 MP: 8/8
   181 | D:1      | Found Zaji's Magic Scroll Emporium.
   283 | D:1      | Reached XP level 2. HP: 19/19 MP: 10/10
  1332 | D:2      | Reached XP level 3. HP: 23/25 MP: 11/11
  1613 | D:2      | Gained mutation: You are partially covered in large bone
                  | plates. (SH +4) [potion of mutation]
  1613 | D:2      | Gained mutation: Armour fits poorly on your strangely
                  | shaped body. [potion of mutation]
  1613 | D:2      | Gained mutation: You have hidden genetic potential. [potion
                  | of mutation]
  1616 | D:2      | Reached skill level 1 in Fighting
  1616 | D:2      | Reached skill level 1 in Short Blades
  1616 | D:2      | Reached skill level 1 in Long Blades
  1616 | D:2      | Reached skill level 1 in Axes
  1616 | D:2      | Reached skill level 1 in Maces & Flails
  1616 | D:2      | Reached skill level 1 in Polearms
  1616 | D:2      | Reached skill level 1 in Staves
  1616 | D:2      | Reached skill level 1 in Bows
  1616 | D:2      | Reached skill level 1 in Crossbows
  1616 | D:2      | Reached skill level 1 in Throwing
  1616 | D:2      | Reached skill level 1 in Armour
  1616 | D:2      | Reached skill level 1 in Dodging
  1616 | D:2      | Reached skill level 1 in Shields
  1616 | D:2      | Reached skill level 1 in Unarmed Combat
  2083 | D:2      | Reached XP level 4. HP: 30/32 MP: 9/13
  2247 | D:2      | Gained mutation: Your flesh is cold resistant. (rC+)
                  | [hidden potential]
  2479 | D:2      | Found a hazy altar of Hepliaklqana.
  2487 | D:2      | Became a worshipper of Hepliaklqana the Forgotten
  2674 | D:2      | Found a faded altar of an unknown god.
  2689 | D:2      | Noticed Jessica
  2693 | D:2      | Killed Jessica
  2694 | D:2      | Reached skill level 1 in Conjurations
  2694 | D:2      | Reached skill level 1 in Hexes
  2694 | D:2      | Reached skill level 1 in Summonings
  2694 | D:2      | Reached skill level 1 in Necromancy
  2694 | D:2      | Reached skill level 1 in Translocations
  2694 | D:2      | Reached skill level 1 in Transmutations
  2694 | D:2      | Reached skill level 1 in Fire Magic
  2694 | D:2      | Reached skill level 1 in Ice Magic
  2694 | D:2      | Reached skill level 1 in Air Magic
  2694 | D:2      | Reached skill level 1 in Earth Magic
  2694 | D:2      | Reached skill level 1 in Poison Magic
  2921 | D:3      | Noticed a scorpion
  2954 | D:3      | Killed a scorpion
  2955 | D:3      | Reached XP level 5. HP: 28/37 MP: 14/14
  3128 | D:3      | Slain by an ufetubus

Illustrated notes

Levels and vault maps discovered:
D:1:      saegor_arrival_fortress, layout_loops_corners, serial_shops, shop,
          st_stairs_7
D:2:      layout_loops_ring, basic_altar, ebering_ecumenical_altar_rust,
          hangedman_feature_mirror, kennysheep_flooded_box,
          hangedman_feature_mirror, minmay_rat_hole, uniq_jessica
D:3:      layout_loops_ring, mainiacjoe_overflow_brackets,
          minmay_misc_feat_square

Skill      XL: |  1  2  3  4 |
---------------+-------------+-----
Fighting       | 1 |  1.5
Short Blades   | 1 |  1.5
Long Blades    | 1 |  1.5
Axes           | 1 |  1.5
Maces & Flails | 1 |  1.5
Polearms       | 1 |  1.5
Staves         | 1 |  1.5
Bows           | 1 |  1.5
Crossbows      | 1 |  1.5
Throwing       | 1 |  1.5
Armour         | 1 |  1.5
Dodging        | 1 |  1.5
Shields        | 1 |  1.5
Unarmed Combat | 1 |  1.5
Conjurations   | 1 |  1.2
Hexes          | 1 |  1.2
Summonings     | 1 |  1.2
Necromancy     | 1 |  1.2
Translocations | 1 |  1.2
Transmutations | 1 |  1.2
Fire Magic     | 1 |  1.2
Ice Magic      | 1 |  1.2
Air Magic      | 1 |  1.2
Earth Magic    | 1 |  1.2
Poison Magic   | 1 |  1.2
Evocations     | 3 |  3.0
Slings         | |  4.8
Stealth        | |  2.8
Spellcasting   | |  7.3
Invocations    | |  4.9

Action                   |  1- 3 |  4- 6 || total
-------------------------+-------+-------++-------
Melee: Hand axe          |    96 |    64 ||   160
       Bite              |     9 |     3 ||    12
       Punch             |     1 |     3 ||     4
 Fire: Hunting sling     |    13 |       ||    13
 Cast: Magic Dart        |    12 |     5 ||    17
Evoke: Piece from Xom's  |       |     1 ||     1
  Use: Scroll            |     3 |       ||     3
       Potion            |     2 |       ||     2
 Stab: Sleeping          |     1 |     2 ||     3
Armor: Leather armour    |    17 |    19 ||    36
Dodge: Dodged            |    56 |    37 ||    93
       Repelled          |     1 |       ||     1
Block: Other             |     4 |    15 ||    19

Table legend: (Time is in decaauts)
 A = Elapsed time spent in this place.
 B = Non-inter-level travel time spent in this place.
 C = Inter-level travel time spent in this place.
 D = Time resting spent in this place.
 E = Time spent auto-exploring this place.
 F = Levels seen in this place.
 G = Mean time per level.
                   A        B        C        D        E       F      G
               +--------+--------+--------+--------+--------+-----+--------+
         Total |   3167 |   3133 |     34 |    866 |   1803 |   3 | 1055.7 |
       Dungeon |   3167 |   3133 |     34 |    866 |   1803 |   3 | 1055.7 |
               +--------+--------+--------+--------+--------+-----+--------+

Top non-repeatable levels by time:
     D:2: 1818 daAuts
     D:1: 1053 daAuts
     D:3: 294 daAuts
